 Dungeon Crawl Stone Soup version 0.30.1-1-g62c8e00024 (webtiles) character file.

Game seed: 10794056142520665422

1145 Heoruswealwe the Shooter (level 7, 0/64 HPs)
             Began as a Demigod Hunter on July 17, 2023.
             Slain by a sixfirhy (10 damage)
             ... summoned by a kobold demonologist
             ... on level 6 of the Dungeon.
             The game lasted 00:44:24 (4478 turns).

Heoruswealwe the Shooter (Demigod Hunter)           Turns: 4478, Time: 00:44:24

Health: 0/64       AC:  6    Str: 12    XL:     7   Next: 92%
Magic:  9/9        EV: 12    Int: 11    God:
Gold:   338        SH:  0    Dex: 25    Spells: 6/6 levels left

rFire   . . .        a - +0 shortbow
rCold   . . .        (shield currently unavailable)
rNeg    . . .        c - +0 leather armour
rPois   .            g - +0 helmet
rElec   .            h - +0 cloak
rCorr   .            (no gloves)
SInv    .            e - +0 pair of boots
Will    .....        i - amulet of regeneration
Stlth   ++           k - ring of flight
HPRegen 1.10/turn    (no ring)
MPRegen 0.11/turn

%: no passive effects
@: flying, slowed, very slow
A: high MP 1, forlorn, divine attributes
a: no special abilities


You were on level 6 of the Dungeon.
You visited 2 branches of the dungeon, and saw 7 of its levels.

You collected 338 gold pieces.

Inventory:

Hand Weapons
 a - a +0 shortbow (weapon)
Armour
 c - a +0 leather armour (worn)
 e - a +0 pair of boots (worn)
 g - a +0 helmet (worn)
 h - a +0 cloak (worn)
Jewellery
 i - an amulet of regeneration (around neck)
 k - a ring of flight (left hand)
Wands
 d - a wand of flame (15)
Scrolls
 f - 2 scrolls of teleportation {unknown}
 j - a scroll of enchant weapon {unknown}
 l - a scroll of enchant armour
 o - a scroll of fog
 r - 2 scrolls of vulnerability {unknown}
 s - a scroll of noise {unknown}
 u - a scroll of fear
 w - a scroll of magic mapping
 x - a scroll of silence {unknown}
Potions
 b - 2 potions of magic
 m - a potion of lignification {unknown}
 n - a potion of curing
 p - a potion of mutation {unknown}
 q - 2 potions of cancellation
 t - a potion of flight {unknown}
 v - a potion of heal wounds {unknown}


   Skills:
 + Level 6.5 Fighting
 + Level 7.2 Ranged Weapons
 - Level 1.7 Dodging
 - Level 0.8 Stealth


You had 6 spell levels left.
You didn't know any spells.
Your spell library contained the following spells:

 Spells                   Type           Power      Damage    Failure   Level
 Apportation              Tloc           0%         N/A       41%         1
 Kiss of Death            Conj/Necr      0%         2d5       41%         1
 Necrotise                Necr           0%         1d4       41%         1
 Summon Small Mammal      Summ           0%         N/A       41%         1
 Confusing Touch          Hex            0%         N/A       80%         3
 Vhi's Electric Charge    Tloc/Air       0%         N/A       80%         3
 Dispel Undead            Necr           0%         3d6       99%         4
 Arcjolt                  Conj/Air       0%         1d10      100%        5
 Simulacrum               Ice/Necr       0%         N/A       100%        6
 Ozocubu's Refrigeration  Ice            0%         4d7       100%        7
 Maxwell's Capacitive Co  Air            0%         ∞         100%        8
 Polar Vortex             Ice            0%         N/A       100%        9


Dungeon Overview and Level Annotations

Branches:
Dungeon (6/15)             Temple (1/1) D:5


Innate Abilities, Weirdness & Mutations

You have an increased reservoir of magic. (+10% MP)
You shall have no god before yourself.
Your divine heritage dramatically boosts your attributes as you level up.


Message History

* * * LOW HITPOINT WARNING * * *
The sixfirhy shocks you!
* * * LOW HITPOINT WARNING * * *
The kobold demonologist is engulfed in poison gas.
The kobold demonologist looks even sicker.
You feel better.
The sixfirhy is engulfed in poison gas.
The sixfirhy looks as sick as possible!
The sixfirhy is engulfed in poison gas.
The sixfirhy looks as sick as possible! x2
The sixfirhy is engulfed in poison gas.
The sixfirhy looks as sick as possible! x3
The sixfirhy is engulfed in poison gas.
The sixfirhy looks as sick as possible!
The sixfirhy is engulfed in poison gas.
The sixfirhy looks as sick as possible!
The sixfirhy is engulfed in poison gas.
The sixfirhy looks as sick as possible!
The kobold demonologist is engulfed in poison gas.
The kobold demonologist looks even sicker.
The sixfirhy is engulfed in poison gas.
The sixfirhy looks as sick as possible!
The kobold demonologist is engulfed in poison gas.
The kobold demonologist looks as sick as possible!
The kobold demonologist gestures wildly while chanting.
You feel better.
The sixfirhy looks as sick as possible!
The sixfirhy is engulfed in poison gas.
The sixfirhy looks as sick as possible!
The sixfirhy is engulfed in poison gas.
The sixfirhy looks as sick as possible! x2
The sixfirhy is engulfed in poison gas.
The sixfirhy looks as sick as possible!
The sixfirhy is engulfed in poison gas.
The sixfirhy looks as sick as possible!
The sixfirhy is engulfed in poison gas.
The sixfirhy looks as sick as possible!
The sixfirhy closely misses you.
The sixfirhy looks as sick as possible!
The sixfirhy hits you but does no damage.
The kobold demonologist miscasts a cantrip.
The sixfirhy is engulfed in poison gas.
The sixfirhy looks as sick as possible!
The sixfirhy hits you but does no damage.
You feel better.
The sixfirhy looks as sick as possible!
The sixfirhy barely misses you.
The sixfirhy is engulfed in poison gas.
The sixfirhy looks as sick as possible!
The sixfirhy barely misses you.
The sixfirhy looks as sick as possible!
The sixfirhy hits you. The sixfirhy shocks you!
* * * LOW HITPOINT WARNING * * *
The sixfirhy is engulfed in poison gas.
The sixfirhy looks as sick as possible!
The sixfirhy hits you.
* * * LOW HITPOINT WARNING * * *
The sixfirhy shocks you!
You die...

.............##
≈≈≈≈≈≈≈.....##°.☼°○##
......≈....##.°.°.○☼#
≈≈≈≈..≈....##......÷#
≈.§.≈.≈....##.°.K°○°
≈._.§.≈.....##KK☼K○
§§..≈§≈......##3KK
§≈≈≈§.≈.......##3#
§§....≈........#@#
≈≈≈≈≈≈.........#.#
..............##.##
#..........####°÷.####.....
###.#......'.[÷..÷÷..+....
....#......####.○°####...#
##..#.........##°##......#
##..#..........#÷#.......#
##.............#÷#.......#


You could see a soul eater (summoned), a kobold demonologist (extremely
poisoned), a sixfirhy (summoned, extremely poisoned) and 5 kobold brigands.

Vanquished Creatures
  Sigmund (D:2)
  A sky beast (D:6)
  3 ogres
  A kobold brigand (D:6)
  A scorpion (D:5)
  4 jellies
  2 hounds
  Ijyb (D:2)
  Terence (D:2)
  2 iguanas
  5 gnolls
  6 adders
  An ufetubus (D:5)
  A worm (D:3)
  2 dart slugs
  3 orcs
  8 bats
  10 endoplasms
  5 giant cockroaches
  12 goblins
  A hobgoblin (D:2)
  10 jackals
  3 quokkas
  10 ball pythons
  6 frilled lizards
  8 kobolds
  5 rats
113 creatures vanquished.

Notes
Turn   | Place    | Note
-------+----------+-------------------------------------------
     0 | D:1      | Heoruswealwe the Demigod Hunter began the quest for the
                  | Orb.
     0 | D:1      | Reached XP level 1. HP: 17/17 MP: 3/3
    88 | D:1      | Reached XP level 2. HP: 22/24 MP: 4/4
   208 | D:1      | Reached skill level 4 in Ranged Weapons
   729 | D:1      | Reached XP level 3. HP: 30/30 MP: 5/5
   969 | D:2      | Noticed Sigmund
   977 | D:2      | Killed Sigmund
   978 | D:2      | Reached skill level 5 in Ranged Weapons
   978 | D:2      | Reached XP level 4. HP: 13/40 MP: 6/6
   978 | D:2      | Reached XP level 5. HP: 15/46 MP: 7/7
  1421 | D:2      | Noticed Ijyb
  1440 | D:2      | HP: 3/69 [Ijyb/+0 club (4)]
  1441 | D:2      | Killed Ijyb
  1689 | D:2      | Noticed Terence
  1693 | D:2      | Killed Terence
  2053 | D:3      | Reached XP level 6. HP: 46/53 MP: 8/8
  2701 | D:4      | You fall into a shaft and drop 1 floor!
  2701 | D:5      | Entered Level 5 of the Dungeon
  2701 | D:5      | Found a staircase to the Ecumenical Temple.
  2710 | Temple   | Entered the Ecumenical Temple
  2943 | D:5      | Reached skill level 5 in Fighting
  2943 | D:5      | Reached skill level 6 in Ranged Weapons
  2992 | D:5      | Reached XP level 7. HP: 55/61 MP: 9/9
  3903 | D:6      | Reached skill level 7 in Ranged Weapons
  4465 | D:6      | Found the +7 Throatcutter {drain, coup de grace}
  4465 | D:6      | Noticed a kobold demonologist
  4475 | D:6      | Noticed a sixfirhy
  4475 | D:6      | HP: 3/64 [sixfirhy[a kobold demonologist] (9)]
  4477 | D:6      | Noticed a soul eater
  4478 | D:6      | Slain by a sixfirhy

Illustrated notes

Levels and vault maps discovered:
D:1:      spicycebolla_green_bress_n_ham, layout_basic, chequers_jeans
D:2:      kennysheep_the_goblin_king, layout_loops_cross, grunt_ministairs_15,
          uniq_terence, uniq_sigmund
D:3:      layout_basic, overflow_temple_1_default, mainiacjoe_overflow_boulevard
D:4:      layout_basic
D:5:      layout_cave_pools, general_overflow_altar, lemuel_temple_firewalk_b
D:6:      layout_basic, mainiacjoe_overflow_concentric_impassable,
          dilly_guarded_unrand_throatcut
Temple:   bh_familiar_temple

Skill      XL: |  1  2  3  4  5  6  7 |
---------------+----------------------+-----
Fighting       | 2 4 5 6 |  6.5
Ranged Weapons | 4 5 6 7 |  7.2
Dodging        | |  1.7
Stealth        | |  0.8

Action                     |  1- 3 |  4- 6 |  7- 9 || total
---------------------------+-------+-------+-------++-------
  Melee: Unarmed           |       |     3 |       ||     3
   Fire: Shortbow          |   100 |   168 |   100 ||   368
    Use: Scroll            |       |     7 |     3 ||    10
         Potion            |       |     2 |     4 ||     6
 Armour: Leather armour    |    13 |    18 |    11 ||    42
  Dodge: Dodged            |    39 |    44 |    32 ||   115
